 Dungeon Crawl Stone Soup version 0.29.0-4-gdea44cf6ec (webtiles) character file.

Game seed: 11014832925874266481

38 qw the Chopper (level 3, -3/21 HPs)
             Began as a Tengu Warper on Aug 28, 2022.
             Slain by a gnoll
             ... wielding a +0 whip
              (6 damage)
             ... on level 2 of the Dungeon.
             The game lasted 00:00:05 (1268 turns).

qw the Chopper (Tengu Warper)                       Turns: 1268, Time: 00:00:06

Health: -3/21      AC:  3    Str: 13    XL:     3   Next: 43%
Magic:  7/7        EV: 12    Int: 13    God:
Gold:   67         SH:  0    Dex: 13    Spells: 6/6 levels left

rFire   . . .      SeeInvis .   Y - +0 hand axe
rCold   . . .      Faith    .   (no shield)
rNeg    . . .      Spirit   .   b - +0 leather armour
rPois   .          Reflect  .   (helmet restricted)
rElec   .          Harm     .   (no cloak)
rCorr   .          Rampage  .   (no gloves)
Will    .....                   (boots unavailable)
Stlth   +.........              (no amulet)
HPRegen 0.07/turn               (no ring)
MPRegen 0.10/turn               (no ring)

@: no status effects
A: beak, talons 3
a: no special abilities


You were on level 2 of the Dungeon.
You visited 1 branch of the dungeon, and saw 2 of its levels.

You collected 67 gold pieces.


Innate Abilities, Weirdness & Mutations

You have a beak for a mouth.
You have claws for feet.


   Skills:
 - Level 2.0 Fighting
 + Level 4.1 Axes
 - Level 1.0 Throwing
 - Level 1.1 Armour
 - Level 2.1 Dodging
 - Level 2.0 Spellcasting
 - Level 2.4 Translocations


You had 6 spell levels left.
You didn't know any spells.
Your spell library contained the following spells:

 Spells                   Type           Power      Damage    Failure   Level
 Blink                    Tloc           14%        N/A       19%         2
 Gell's Gravitas          Tloc           7%         N/A       36%         3
 Lesser Beckoning         Tloc           7%         N/A       36%         3
 Teleport Other           Tloc           7%         N/A       36%         3
 Manifold Assault         Tloc           7%         N/A       98%         5

Inventory:

Hand Weapons
 f - a +0 whip
 Y - a +0 hand axe (weapon)
Missiles
 d - 2 javelins (quivered)
Armour
 a - a +0 plate armour
 b - a +0 leather armour (worn)
Scrolls
 c - a scroll of identify {unknown}
Potions
 g - a potion of haste {unknown}

Dungeon Overview and Level Annotations

Branches:
Dungeon (2/15)

Altars:


Message History

HP restored.
d - a javelin
d - 2 javelins (gained 1)
d - 3 javelins (gained 1)
d - 4 javelins (gained 1)
A gnoll comes into view. It is wielding a +0 whip.
The gnoll shouts!
Enter note: Throw: 4 javelins
Press: ? - help, Q - select action Shift-Dir - straight line, f - gnoll You throw a javelin.
The javelin pierces through the gnoll.
The gnoll is lightly wounded.
Throw: 3 javelins
Press: ? - help, Q - select action Shift-Dir - straight line, f/p - gnoll You throw a javelin.
The javelin barely misses the gnoll.
A gnoll comes into view. It is wielding a +0 halberd.
The gnoll throws a throwing net.
The throwing net hits you.
You become entangled in the net!
You see here a throwing net.
You struggle against the net.
The gnoll hits you with a +0 whip.
You struggle against the net.
The gnoll barely misses you.
You shred the net and break free! The gnoll closely misses you. x2
You hit the gnoll.
The gnoll is heavily wounded.
The gnoll closely misses you.
The gnoll hits you from afar with a +0 halberd.
You hit the gnoll. You claw the gnoll.
The gnoll is almost dead.
The gnoll hits you from afar with a +0 halberd.
The gnoll barely misses you.
You hit the gnoll but do no damage. You peck the gnoll, but do no damage.
The gnoll is almost dead.
The gnoll barely misses you. The gnoll hits you with a +0 whip.
You hit the gnoll but do no damage.
The gnoll is almost dead.
The gnoll hits you with a +0 whip.
You die...

### #.########
.....###........#
#..........#.#
#####.###..###.#.#
#.....##..>###.#.#### .
#.......##......##
.#.#..#...#...#.#...###
#...¤...~...~.....~...####
....#.¤.g.@#....~....#....#
###...¤..~g..~.....~...~..#
#..#.#.......#.#........#
#........#.#.......#.#.#.#
##.~...~.....~...~.....#.#
#..(#¤¤¤.~..%.#....~....#
#.~...~.....~...¤.......#
.....¤¤¤#.#.......#.#.#.#
.#.#.#.......#.#........#


You could see 2 gnolls.

Vanquished Creatures
  An adder (D:2)
  2 dart slugs (D:1)
  5 ball pythons
  3 endoplasms (D:1)
  A hobgoblin (D:2)
  2 quokkas (D:1)
  4 bats
  A frilled lizard (D:1)
  4 kobolds (D:1)
  2 rats (D:1)
25 creatures vanquished.

Notes
Turn   | Place    | Note
-------+----------+-------------------------------------------
     0 | D:1      | qw the Tengu Warper began the quest for the Orb.
     0 | D:1      | Reached XP level 1. HP: 12/12 MP: 4/4
     0 | D:1      | 0 ||| qw: Version: 0.1-a-89-g26bdef1
     0 | D:1      | 0 ||| qw: Game counter: 2995
     0 | D:1      | 0 ||| qw: Always use a shield: true
     0 | D:1      | 0 ||| qw: God list: Okawaru
     0 | D:1      | 0 ||| qw: Allow faded altars: false
     0 | D:1      | 0 ||| qw: Do Orc after D:15 true
     0 | D:1      | 0 ||| qw: Do second Lair branch before Depths: true
     0 | D:1      | 0 ||| qw: Lair rune preference: random
     0 | D:1      | 0 ||| qw: Plans: Normal
     0 | D:1      | 0 ||| PLANNING D:1-11
   226 | D:1      | Reached XP level 2. HP: 17/17 MP: 6/6
   228 | D:1      | Reached skill level 3 in Axes
   282 | D:1      | 282 ||| Stepping ~*~*~tactically~*~*~ (hiding).
   391 | D:1      | 391 ||| Stepping ~*~*~tactically~*~*~ (hiding).
   392 | D:1      | 392 ||| Stepping ~*~*~tactically~*~*~ (hiding).
   891 | D:1      | Reached XP level 3. HP: 21/21 MP: 7/7
  1057 | D:1      | 1057 ||| READING scroll labelled TATSOI LIOVAINAUNY.
  1058 | D:1      | 1058 ||| DROPPING scroll of blinking.
  1195 | D:2      | 1195 ||| Stepping ~*~*~tactically~*~*~ (stealth).
  1196 | D:2      | 1196 ||| Stepping ~*~*~tactically~*~*~ (stealth).
  1197 | D:2      | 1197 ||| Stepping ~*~*~tactically~*~*~ (stealth).
  1201 | D:2      | Reached skill level 4 in Axes
  1267 | D:2      | HP: 3/21 [gnoll/+0 whip (3)]
  1268 | D:2      | Slain by a gnoll

Levels and vault maps discovered:
D:1:      mushboom_english_gardens, layout_basic
D:2:      minmay_wonky_spiral, layout_loops_corners,
          shapermc_ecumenical_altar_acropolis, serial_shops,
          nicolae_shop_crystal, nicolae_kite_square_tiling_tiny,
          minmay_misc_feat_ornament, minmay_surrounded

Skill      XL: |  1  2  3 |
---------------+----------+-----
Axes           | 3 4 |  4.1
Fighting       | |  2.0
Throwing       | |  1.0
Armour         | |  1.1
Dodging        | |  2.1
Spellcasting   | |  2.0
Translocations | |  2.4

Action                   || total
-------------------------++-------
Melee: Hand axe          ||    42
       Kick              ||    13
       Peck              ||     5
Throw: Boomerang         ||     7
       Javelin           ||    11
  Use: Scroll            ||     1
Armor: Leather armour    ||     8
Dodge: Dodged            ||    33

Table legend:
 A = Non-vault XP
 B = Vault XP
 C = Vault XP percentage of total XP
 D = Non-vault monster count
 E = Vault monster count
 F = Vault count percentage of total count
                 A         B        C        D         E       F
            +---------+---------+-------+---------+---------+-------
      Total |      55 |       0 |   0.0 |      25 |       0 |   0.0
            +---------+---------+-------+---------+---------+-------
        D:1 |      38 |       0 |   0.0 |      21 |       0 |   0.0
        D:2 |      17 |       0 |   0.0 |       4 |       0 |   0.0
            +---------+---------+-------+---------+---------+-------
